 Dungeon Crawl Stone Soup version 0.30-a0-297-g0ec75d9ef4 (webtiles) character file.

Game seed: 2921030419926330353

9 ryw the Trooper (level 2, 16/24 HPs)
             Began as a Demonspawn Monk on Oct 19, 2022.
             Quit the game on level 1 of the Dungeon.
             The game lasted 00:00:36 (303 turns).

ryw the Trooper (Demonspawn Monk)                    Turns: 303, Time: 00:00:37

Health: 16/24      AC:  6    Str: 11    XL:     2   Next: 3%
Magic:  2/2        EV: 12    Int: 11    God:
Gold:   8          SH:  0    Dex: 15    Spells: 1/1 levels left

rFire   . . .      SeeInvis .      - Unarmed
rCold   . . .      Faith    .    (no shield)
rNeg    . . .      Spirit   .    a - +0 robe
rPois   .          Reflect  .    (no helmet)
rElec   .          Harm     .    (no cloak)
rCorr   .          Rampage  .    (no gloves)
Will    .....                    (no boots)
Stlth   ++........               (no amulet)
HPRegen 0.24/turn                f - +4 ring of protection
MPRegen 0.08/turn                (no ring)

@: no status effects
A: demonic touch 1
a: no special abilities


You were on level 1 of the Dungeon.
You visited 1 branch of the dungeon, and saw 1 of its levels.

You collected 8 gold pieces.

Inventory:

Armour
 a - a +0 robe (worn)
Jewellery
 f - a +4 ring of protection (left hand)
Scrolls
 c - a scroll of magic mapping {unknown}
 g - a scroll of identify {unknown}
Potions
 b - a potion of ambrosia
 d - a potion of haste {unknown}
 e - a potion of invisibility {unknown}


   Skills:
 + Level 3.6 Fighting
 - Level 2.6 Dodging
 - Level 1.7 Stealth
 - Level 2.6 Unarmed Combat


You had one spell level left.
You didn't know any spells.
Your spell library was empty.

Dungeon Overview and Level Annotations

Branches:
Dungeon (1/15)

Altars:


Innate Abilities, Weirdness & Mutations

Your touch may inflict minor irresistible damage on your foes.


Message History

You completely miss the jackal.
The jackal is severely wounded.
The jackal bites you but does no damage.
You barely miss the jackal.
The jackal is severely wounded.
The jackal closely misses you.
You hit the jackal.
The jackal is almost dead.
The jackal bites you. The jackal closely misses you.
You barely miss the jackal.
The jackal is almost dead.
The jackal bites you.
You hit the jackal.
You kill the jackal!
No target in view!
No target in view!
An endoplasm comes into view.
An endoplasm is nearby!
Found a scale mail and 3 stones.
The endoplasm quivers.
The jackal barks!
The endoplasm hits you but does no damage.
You hit the endoplasm.
The endoplasm is moderately wounded.
The endoplasm hits you but does no damage.
You hit the endoplasm.
The endoplasm is heavily wounded.
The endoplasm freezes you.
You are frozen.
You hit the endoplasm.
The endoplasm is almost dead.
The endoplasm freezes you.
You are frozen.
You hit the endoplasm.
You kill the endoplasm!
A ball python comes into view.
You have reached level 2!
Your demonic ancestry asserts itself...
Your hands begin to faintly glow with unholy energy.
Are you sure you want to abandon this character and quit the game? (Confirm with "yes".)

#######†....# ### ♣♣8♣♣
#.###.# ♣P~P♣ #.###.###
♣♣~~~♣ #)......# ♣..^.♣
#.....#.# ♣P...♣
##.###.#.# ♣♣♣♣♣♣♣.♣♣
..........#####♣♣~~.P♣....
###.........^.#♣8~~^......
.........@#####♣♣P~.P♣....
#####.#.#h# ♣♣♣♣♣♣...<
#...... ♣♣P~.P♣....
#.#.#.#. ♣8~~^......
#.[..(... ♣♣~~.P♣....
#.#.#.# ## ♣♣♣♣♣♣♣.♣♣ #.
... ♣P..P♣ . S.. ♣..^.♣
♣♣~~~♣


You could see a jackal and a ball python (wandering).

Vanquished Creatures
  An endoplasm (D:1)
  A giant cockroach (D:1)
  2 goblins (D:1)
  2 jackals (D:1)
  A frilled lizard (D:1)
7 creatures vanquished.

Notes
Turn   | Place    | Note
-------+----------+-------------------------------------------
     0 | D:1      | ryw the Demonspawn Monk began the quest for the Orb.
     0 | D:1      | Reached XP level 1. HP: 18/18 MP: 1/1
   303 | D:1      | Gained mutation: Your touch may inflict minor irresistible
                  | damage on your foes. [demonic ancestry]
   303 | D:1      | Reached XP level 2. HP: 16/24 MP: 2/2
   303 | D:1      | Quit the game

Illustrated notes

Levels and vault maps discovered:
D:1:      psy_arrival_wood_between_worlds, layout_loops_ring,
          nicolae_concentric_dashed_squares_wild

Action                   || total
-------------------------++-------
Melee: Unarmed           ||    40
 Stab: Sleeping          ||     2
Armor: Robe              ||    13
Dodge: Dodged            ||    19

Table legend: (Time is in decaauts)
 A = Elapsed time spent in this place.
 B = Non-inter-level travel time spent in this place.
 C = Inter-level travel time spent in this place.
 D = Time resting spent in this place.
 E = Time spent auto-exploring this place.
 F = Levels seen in this place.
 G = Mean time per level.
                   A        B        C        D        E       F      G
               +--------+--------+--------+--------+--------+-----+--------+
         Total |    300 |    300 |      0 |      0 |    223 |   1 |  300.0 |
       Dungeon |    300 |    300 |      0 |      0 |    223 |   1 |  300.0 |
               +--------+--------+--------+--------+--------+-----+--------+

Top non-repeatable levels by time:
     D:1: 300 daAuts
